 Dungeon Sprint DCSS version 0.20-a0-1122-gb7cbeb9 (webtiles) character file.

1496 Kidiri the Covert (level 8, 0/45 HPs)
             Began as a Spriggan Enchanter on May 12, 2017.
             Was an Initiate of Dithmenos.
             Slain by a centaur warrior (10 damage)
             ... in the Dungeon (Sprint I: "Red Sonja").
             The game lasted 00:03:34 (775 turns).

Kidiri the Covert (Spriggan Enchanter)               Turns: 775, Time: 00:03:34

Health: 0/45       AC:  7    Str:  4    XL:     8   Next: 51%
Magic:  12/20      EV: 25    Int: 18    God:    Dithmenos [......]
Gold:   91         SH:  0    Dex: 17    Spells: 10/22 levels left

rFire    + . .     SeeInvis +   a - +1 dagger
rCold    . . .     Gourm    .   (shield restricted)
rNeg     . . .     Faith    +   n - +2 robe {rF+}
rPois    .         Spirit   .   (helmet restricted)
rElec    .         Reflect  .   m - +2 cloak {MR+}
rCorr    .         Harm     .   (gloves unavailable)
MR       ++...     NoTele   +   (boots unavailable)
Stlth    +++.......             b - amulet of faith
Regen    0.2/turn               (no ring)
MPRegen  0.2/turn               (no ring)

@: slow
A: unfitting armour, see invisible, herbivore 3, speed 3, slow metabolism 2
a: Renounce Religion


You were in the Dungeon.
You worshipped Dithmenos.
Dithmenos was noncommittal.
You were not hungry.

You visited 1 branch You collected 639 gold pieces.
You spent 548 gold pieces at shops.

Inventory:

Hand Weapons
 a - a +1 dagger (weapon)
Armour
 m - a +2 cloak of magic resistance (worn)
 n - a +2 robe of fire resistance (worn)
Jewellery
 b - an amulet of faith (around neck)
Wands
 k - a wand of polymorph (11/24)
Scrolls
 c - a scroll of remove curse {unknown}
 j - a scroll of blinking
Potions
 e - 2 potions of curing
 f - a potion of heal wounds
 g - a potion of haste
 h - 2 potions of magic
 i - a potion of berserk rage
 l - a potion of degeneration {unknown}
Comestibles
 d - a bread ration


   Skills:
 * Level 6.9 Fighting
 * Level 9.3 Short Blades
 + Level 4.3 Armour
 + Level 9.1 Dodging
 * Level 13.2 Stealth
 + Level 7.6 Spellcasting
 + Level 8.0 Hexes
 + Level 3.5 Invocations


You had 10 spell levels left.
You knew the following spells:

 Your Spells              Type           Power        Failure   Level  Hunger
a - Corona                Hex            #####..      1%          1    None
b - Ensorcelled Hibernat  Hex/Ice        ###...       3%          2    None
c - Confuse               Hex            #####...     1%          3    #......
d - Tukima's Dance        Hex            #####...     1%          3    #......
e - Dazzling Spray        Conj/Hex       ###...       6%          3    #......


Dungeon Overview and Level Annotations

Branches:
Dungeon (1/1)

Altars:
Cheibriados
Dithmenos
Elyvilon
Fedhas
Gozag
Hepliaklqana
Kikubaaqudgha
Makhleb
Nemelex Xobeh
Okawaru
Qazlal
Ru
Sif Muna
Trog
Uskayaw
Vehumet
Wu Jian
Xom
Yredelemnul
Zin
The Shining One
Jiyva
Lugonu

Shops:
D [:[


Innate Abilities, Weirdness & Mutations

You are very small and have problems with some larger weapons.
You are too small for most types of armour.
You have supernaturally acute eyesight. (SInv)
You are a herbivore.
You cover ground extremely quickly.
You need consume almost no food.


Message History

You closely miss the centaur warrior.
The centaur warrior is severely wounded.
The centaur warrior closely misses you. The centaur warrior misses you.
You closely miss the centaur warrior.
The centaur warrior is severely wounded.
The centaur warrior is no longer blind.
The centaur warrior hits you! The centaur warrior hits you.
* * * LOW HITPOINT WARNING * * *
Unknown command.
Casting: Dazzling Spray
Confirm with . or Enter, or press ? or * to list all spells.
Aiming: Dazzling Spray
Press: ? - help, Shift-Dir - straight line, f/p - centaur warrior
Aim: a centaur warrior (purple smoke, lightly wounded)
The spray of energy hits the centaur warrior.
The centaur warrior is lightly wounded.
The spray of energy hits the centaur warrior.
The centaur warrior is severely wounded.
The centaur warrior barely misses you. The centaur warrior hits you!
You die...

####################
.#).'..#.)'..#__#..+
.+..#.)'..#..'..'..#
J#####+#####+#__####
.####..#...#.####§§#
.#__####..##.#§§§§§#
.#_____##+#_.+§§§c§+
⌠#_.∩..%+..._#§§@c§#
##_..__##_.#+##'####
#_____###'#.#...)###
##########.####'###:##
........+...'.....+.∩#
#++++####.).##########
##.## #+#


You could see 2 centaur warriors.

Vanquished Creatures
  Sonja (D)
  A deep troll (D)
  Sigmund (D)
  A yak (D)
  An ogre (D)
  A jelly (D)
  Ijyb (D)
7 creatures vanquished.

Vanquished Creatures (others)
  A gargoyle (D)
1 creature vanquished.

Grand Total: 8 creatures vanquished

Notes
Turn   | Place    | Note
-------+----------+-------------------------------------------
     0 | D        | Kidiri the Spriggan Enchanter began the quest for the Orb.
     0 | D        | Reached XP level 1. HP: 9/9 MP: 5/5
     2 | D        | Noticed Ijyb
    11 | D        | Killed Ijyb
    11 | D        | Reached skill level 1 in Fighting
    11 | D        | Reached skill level 1 in Armour
    11 | D        | Reached skill level 5 in Stealth
    11 | D        | Reached XP level 2. HP: 12/15 MP: 4/7
    74 | D        | Learned a level 2 spell: Ensorcelled Hibernation
    77 | D        | Noticed an ogre
    79 | D        | Killed an ogre
    79 | D        | Reached skill level 5 in Dodging
    79 | D        | Reached skill level 7 in Stealth
    79 | D        | Reached XP level 3. HP: 20/20 MP: 7/9
    79 | D        | Reached XP level 4. HP: 24/24 MP: 8/11
    94 | D        | Killed a gargoyle
   108 | D        | Noticed Sigmund
   111 | D        | Killed Sigmund
   111 | D        | Reached skill level 9 in Stealth
   111 | D        | Reached skill level 5 in Spellcasting
   111 | D        | Reached skill level 5 in Hexes
   111 | D        | Reached XP level 5. HP: 30/30 MP: 11/13
   138 | D        | Found a burning altar of Makhleb.
   138 | D        | Found a viscous altar of Jiyva.
   138 | D        | Found a shimmering altar of Xom.
   138 | D        | Found a corrupted altar of Lugonu.
   138 | D        | Noticed a slime creature
   354 | D        | Found an ornate altar of the Wu Jian Council.
   354 | D        | Found a deep blue altar of Sif Muna.
   356 | D        | Found a radiant altar of Vehumet.
   360 | D        | Reached XP level 6. HP: 34/34 MP: 15/15
   363 | D        | Found Cifeul's Book Emporium.
   363 | D        | Found an ancient bone altar of Kikubaaqudgha.
   363 | D        | Found a hazy altar of Hepliaklqana.
   363 | D        | Found a stormy altar of Qazlal.
   363 | D        | Found a hide-covered altar of Uskayaw.
   363 | D        | Found a blossoming altar of Fedhas.
   363 | D        | Found a bloodstained altar of Trog.
   363 | D        | Found an iron altar of Okawaru.
   363 | D        | Found a basalt altar of Yredelemnul.
   363 | D        | Found a glowing golden altar of the Shining One.
   363 | D        | Found a snail-covered altar of Cheibriados.
   363 | D        | Found a sacrificial altar of Ru.
   363 | D        | Found a glowing silver altar of Zin.
   363 | D        | Found a shadowy altar of Dithmenos.
   363 | D        | Found a white marble altar of Elyvilon.
   363 | D        | Noticed a yak
   364 | D        | Found an opulent altar of Gozag.
   367 | D        | Killed a yak
   367 | D        | Reached skill level 5 in Fighting
   367 | D        | Reached skill level 10 in Stealth
   368 | D        | Found a sparkling altar of Nemelex Xobeh.
   377 | D        | Became a worshipper of Dithmenos the Shadowed
   457 | D        | Noticed Sonja
   463 | D        | Killed Sonja
   463 | D        | Reached skill level 12 in Stealth
   463 | D        | Reached XP level 7. HP: 15/41 MP: 14/18
   668 | D        | Found Dukux's Antique Armour Boutique.
   693 | D        | Learned a level 3 spell: Confuse
   697 | D        | Learned a level 3 spell: Tukima's Dance
   701 | D        | Learned a level 3 spell: Dazzling Spray
   701 | D        | Noticed a deep troll
   705 | D        | Killed a deep troll
   705 | D        | Reached skill level 13 in Stealth
   705 | D        | Reached XP level 8. HP: 45/45 MP: 18/20
   715 | D        | Found Qishrol's Armour Emporium.
   720 | D        | Bought a +2 cloak of magic resistance for 301 gold pieces
   720 | D        | Bought a +2 robe of fire resistance for 247 gold pieces
   760 | D        | Noticed a centaur warrior
   760 | D        | Noticed a centaur warrior
   775 | D        | Slain by a centaur warrior

Vault maps used:
D:        dungeon_sprint_1

Skill      XL: |  1  2  3  4  5  6  7 |
---------------+----------------------+-----
Fighting       | 1 3 4 6 |  6.9
Short Blades   | 2 4 6 8 9 |  9.3
Armour         | 1 2 3 4 |  4.3
Dodging        | 4 5 6 8 9 |  9.1
Stealth        | 5 7 9 12 13 | 13.2
Spellcasting   | 3 4 5 7 |  7.6
Hexes          | 4 5 6 7 8 |  8.0
Invocations    | 2 3 |  3.5

Action                   |  1- 3 |  4- 6 |  7- 9 || total
-------------------------+-------+-------+-------++-------
Melee: Unarmed           |     4 |       |       ||     4
       Dagger            |     3 |     6 |    11 ||    20
 Cast: Corona            |     1 |       |       ||     1
       Ensorcelled Hiber |       |     8 |       ||     8
       Dazzling Spray    |       |       |     3 ||     3
Evoke: Wand              |       |     1 |       ||     1
  Use: Potion            |       |       |     1 ||     1
 Stab: Sleeping          |     2 |     4 |     1 ||     7
       Invisible         |       |       |     1 ||     1
Armor: Robe              |       |     1 |     4 ||     5
Dodge: Dodged            |     1 |     4 |    13 ||    18
